 Dungeon Crawl Stone Soup version 0.18.1-8-gdd0e5ea (webtiles) character file.

1304 Stormphoenix the Basher (level 8, -16/81 HPs)
             Began as a Troll Fighter on June 12, 2016.
             Was a Believer of Okawaru.
             Demolished by an orc warrior
             ... wielding a +0 great sword
              (25 damage)
             ... on level 7 of the Dungeon.
             The game lasted 00:12:55 (5447 turns).

Stormphoenix the Basher (Troll Fighter)             Turns: 5447, Time: 00:12:56

Health: -16/81     AC:  5    Str: 26 (27) XL:     8   Next: 31%
Magic:  5/7        EV:  1    Int:  2      God:    Okawaru [**....]
Gold:   345        SH:  0    Dex: -6 (9)  Spells: 0 memorised, 7 levels left

rFire  . . .     SeeInvis +     h - +0 giant club
rCold  . . .     Gourm    +     b - +0 robe
rNeg   . . .     Faith    .     (shield currently unavailable)
rPois  +         Spirit   .     (helmet restricted)
rElec  .         Dismiss  .     (no cloak)
rCorr  .         Reflect  .     (gloves unavailable)
SustAt .         Harm     .     (boots unavailable)
MR     .....     Rnd*Tele +     (no amulet)
Stlth  ..........               o - ring of see invisible
                                w - ring of poison resistance

@: heroism, slowed, lost dexterity, very slow, not resistant to hostile
enchantments, extremely unstealthy
A: unfitting armour, claws 3, deterioration 1, dopey 1, fast metabolism 3,
gourmand, regeneration 2, robust 1, shaggy fur 1, teleportitis 1, tough skin 2
a: Heroism, Renounce Religion


You were on level 7 of the Dungeon.
You worshipped Okawaru.
Okawaru was pleased with you.
You were not hungry.

You visited 2 branches of the dungeon, and saw 8 of its levels.

You collected 345 gold pieces.

Inventory:

Hand Weapons
 a - a +0 flail
 h - a +0 giant club (weapon)
 y - the +10 hand axe of Temperance {chop, Str+7, unknown}
   (You found it on level 7 of the Dungeon)

   It inflicts extra damage upon your enemies.
   It affects your strength (+7).
Armour
 b - a +0 robe (worn)
Jewellery
 o - a ring of see invisible (right claw)
 w - a ring of poison resistance (left claw)
Wands
 x - a wand of lightning (6/15)
Scrolls
 e - 5 scrolls of identify
 r - a scroll of teleportation
 s - a scroll of blinking
 t - a scroll of remove curse
 u - a scroll of magic mapping
Potions
 i - 5 potions of curing
 m - a potion of invisibility
 q - a potion of cancellation
Books
 j - a book of Flames

   Spells                             Type                      Level
   a - Flame Tongue                   Conjuration/Fire             1
   b - Throw Flame                    Conjuration/Fire             2
   c - Conjure Flame                  Conjuration/Fire             3
   d - Inner Flame                    Hexes/Fire                   3
   e - Sticky Flame                   Conjuration/Fire             4
   f - Fireball                       Conjuration/Fire             5
Comestibles
 f - 10 bread rations
 g - 2 meat rations
 k - 2 royal jellies
 l - 2 beef jerkies
 n - a fruit
 p - a slice of pizza


   Skills:
 - Level 2.4(7.4) Fighting
 + Level 9.4(14.4) Maces & Flails
 - Level 2.4(7.4) Dodging
   Level 2.4(7.4) Shields


You had 7 spell levels left.
You didn't know any spells.

Dungeon Overview and Level Annotations

Branches:
Dungeon (7/15)             Temple (1/1) D:4

Altars:
Ashenzari
Dithmenos
Elyvilon
Fedhas
Gozag
Makhleb
Nemelex Xobeh
Okawaru
Pakellas
Qazlal
Ru
Sif Muna
Trog
Vehumet
Xom
Zin
The Shining One


Innate Abilities, Weirdness & Mutations

You are too large for most types of armour.
You have claws for hands.
Your metabolism is lightning-fast.
You like to eat raw meat.
You heal very quickly.
You are covered in fur (AC +1).
You have very tough skin (AC +2).
Your body sometimes deteriorates upon taking damage.
You are dopey. (Int -2)
You are robust (+10% HP).
You are occasionally teleported next to monsters.


Message History

You closely miss the orc warrior.
The orc warrior hits you with a great sword!
You closely miss the orc warrior.
The orc warrior hits you with a great sword!
You barely miss the orc warrior.
The orc warrior hits you with a great sword!!
* * * LOW HITPOINT WARNING * * *
The orc warrior hits you with a great sword.
* * * LOW HITPOINT WARNING * * *
Drink which item? (? for menu, Esc to quit)
You feel much better.
The orc warrior hits you with a great sword!
Your body deteriorates!
You feel clumsy.
You gain the combat prowess of a mighty hero.
You feel slightly more hungry.
The orc warrior hits you with a great sword!!
* * * LOW HITPOINT WARNING * * *
You closely miss the orc warrior.
The orc warrior hits you with a great sword!!
You die...

#.# #############.#
..............#
####.########## #.#
#########
#.########........
#..........#######
####.#######..######
.....# #....@oz#
#.#### ##.####.# #.#
#.# #.# #.# #.# #.#
#.# #.# #.# #.####
#.. ..# .....# #..
..[z ..##.## ##
##### ......#


You could see an orc warrior and a wight.

Vanquished Creatures
  Sigmund (D:6)
  Menkaure (D:5)
  An ice beast (D:7)
  An ogre (D:7)
  2 centaurs
  A big kobold (D:7)
  A giant frog (D:6)
  A centaur zombie (D:7)
  2 crimson imps
  2 hounds
  A quasit (D:7)
  A giant frog skeleton (D:5)
  2 orc priests (D:5)
  An orc wizard (D:5)
  An iguana (D:4)
  10 adders
  A shadow imp (D:7)
  An ooze (D:3)
  2 adder zombies
  2 adder skeletons
  3 worms (D:3)
  2 giant geckos
  13 orcs
  6 bats
  3 giant cockroaches (D:3)
  6 hobgoblins
  7 jackals
  17 kobolds
  4 quokkas
  2 giant newts (D:3)
  13 goblins
  9 rats
120 creatures vanquished.

Notes
Turn   | Place    | Note
--------------------------------------------------------------
     0 | D:1      | Stormphoenix the Troll Fighter began the quest for the Orb.
     0 | D:1      | Reached XP level 1. HP: 22/22 MP: 0/0
    38 | D:1      | Reached skill level 2 in Maces & Flails
   235 | D:1      | Reached XP level 2. HP: 29/29 MP: 1/1
   937 | D:2      | Found a shimmering altar of Xom.
  1034 | D:2      | Reached skill level 3 in Maces & Flails
  1345 | D:2      | Reached XP level 3. HP: 36/36 MP: 2/2
  1382 | D:2      | Found a sparkling altar of Nemelex Xobeh.
  1569 | D:2      | Gained mutation: You are dopey. (Int -2) [potion of mutation]
  1569 | D:2      | Gained mutation: You are occasionally teleported next to monsters. [potion of mutation]
  1760 | D:3      | Reached XP level 4. HP: 44/44 MP: 3/3
  1770 | D:3      | Reached skill level 4 in Maces & Flails
  2368 | D:4      | Reached XP level 5. HP: 41/50 MP: 4/4
  2451 | D:4      | Reached skill level 5 in Maces & Flails
  2469 | D:4      | Found an oddly glowing altar of Pakellas.
  2616 | D:4      | Found a staircase to the Ecumenical Temple.
  2621 | Temple   | Entered the Ecumenical Temple
  2629 | Temple   | Became a worshipper of Warmaster Okawaru
  2991 | D:5      | Entered Level 5 of the Dungeon
  3076 | D:5      | Found a blossoming altar of Fedhas.
  3076 | D:5      | Noticed a centaur
  3191 | D:5      | Killed a centaur
  3191 | D:5      | Reached skill level 6 in Maces & Flails
  3191 | D:5      | Reached XP level 6. HP: 17/59 MP: 5/5
  3289 | D:5      | Noticed Menkaure
  3295 | D:5      | Killed Menkaure
  3295 | D:5      | Reached * piety under Okawaru
  3408 | D:5      | Found a sacrificial altar of Ru.
  3439 | D:5      | Gained mutation: You are robust (+10% HP). [potion of mutation]
  3439 | D:5      | Gained mutation: Your body sometimes deteriorates upon taking damage. [potion of mutation]
  3587 | D:5      | Reached skill level 7 in Maces & Flails
  3587 | D:5      | Reached XP level 7. HP: 58/72 MP: 6/6
  4283 | D:6      | Noticed Sigmund
  4296 | D:6      | Killed Sigmund
  4501 | D:6      | Reached skill level 8 in Maces & Flails
  4616 | D:7      | Reached ** piety under Okawaru
  4855 | D:7      | Reached XP level 8. HP: 38/81 MP: 7/7
  4958 | D:7      | Got a dazzling hand axe
  4967 | D:7      | Reached skill level 9 in Maces & Flails
  5011 | D:7      | Found a bloodstained altar of Trog.
  5067 | D:7      | Lost dexterity.
  5344 | D:7      | Found an opulent altar of Gozag.
  5344 | D:7      | Found a shadowy altar of Dithmenos.
  5447 | D:7      | Demolished by an orc warrior

Skill      XL: |  1  2  3  4  5  6  7  8 |
---------------+-------------------------+-----
Maces & Flails | 2 3 4 6 7 8 9 |  9.4
Fighting       | |  2.4
Dodging        | |  2.4
Shields        | |  2.4

Action                   |  1- 3 |  4- 6 |  7- 9 || total
-------------------------+-------+-------+-------++-------
Melee: Flail             |   146 |   233 |    93 ||   472
       Giant club        |       |       |   120 ||   120
Invok: Heroism           |       |       |     2 ||     2
  Use: Scroll            |     7 |     3 |     1 ||    11
       Potion            |     3 |     5 |     5 ||    13
  Eat: Chunk             |    20 |    17 |    14 ||    51
Armor: Robe              |    50 |    81 |   150 ||   281
Dodge: Dodged            |    54 |    86 |   148 ||   288
Block: Shield            |    85 |   118 |    65 ||   268
